Semilg, neutral female human Valkyrie ---- ---- |..-- --..-------..)-- |.....*......).. |....-------...- ---..| --.---)- |..| |....... --.| --.....| |.| ---...|.... |.| |.......- |.| --.....-- ---.| |....-| |...| ---....- |.-.| --.|..... |...- |...--... |..<. |-....... ... |....... --@G.-- |d@- ---- Semilg the Skirmisher Experience level: 5 Strength: 15 Dexterity: 14 Constitution: 18 Intelligence: 10 Wisdom: 10 Charisma: 8 Health: 0(54) Energy: 13(13) Def: 8 Gold: 438 Moves: 2115 Dungeon seed: v0ZDheUlkgbBq28s Game ID: Semilg_1552938745 Your Inventory: Coins $ - 438 gold pieces Amulets r - an uncursed amulet of reflection Weapons a - 3 uncursed +2 spears (in quiver) b - 4 uncursed +0 daggers i - the uncursed +0 Vorpal Blade (weapon in hand) y - an uncursed +0 long sword C - an uncursed +0 crossbow D - 3 uncursed +0 crossbow bolts Armor e - an uncursed +3 small shield (being worn) n - an uncursed +0 leather armor (being worn) N - an uncursed +0 pair of iron shoes (being worn) Comestibles d - an uncursed food ration H - an uncursed partly eaten food ration Scrolls p - an uncursed scroll of stinking cloud q - an uncursed scroll of create monster F - a blessed scroll of destroy armor Spellbooks s - an uncursed spellbook of sleep Potions v - an uncursed potion of hallucination w - an uncursed potion of invisibility z - an uncursed potion of extra healing A - an uncursed potion of paralysis E - an uncursed potion of healing G - an uncursed potion of monster detection Wands c - a blessed wand of cold (0:5) h - an uncursed wand of fire (0:8) u - an uncursed wand of enlightenment (0:13) Tools f - an uncursed oil lamp (0:1242) j - an uncursed skeleton key k - an uncursed skeleton key B - an uncursed brass lantern (0:1040) Spells and supernatural/magical abilities: Name Level Category Fail Memory W - pray for help -- divine ? -- Your skills at the end: Miscellaneous Skills shield [Basic] wands [Basic] Weapon Skills dagger [Basic] spear [Basic] Spellcasting Skills Final Attributes: You were devoutly aligned. You were cold resistant. You were somewhat stealthy. You could fly. You were a werejackal. You are dead. Vanquished creatures: 2 gnome lords 2 gnomish wizards a puppy 3 dwarves a homunculus a gas spore 3 hobbits a hobgoblin a red mold 16 gnomes 7 jackals a fox 3 kobolds 5 newts 2 goblins 2 sewer rats 6 grid bugs 4 lichens 61 creatures vanquished. Voluntary challenges: You did not adorn yourself with jewelry or accessories. You did not cause conflict. You were not invisible. You did not have reflection. You were not displaced. You were an atheist. You used a wielded weapon 67 times, starting on turn 872. You did not use tools. You did not use plumbed fixtures. You did not drink any magical draughts. You were illiterate. You never genocided any monsters. You never polymorphed an object. You never changed form. You used no wishes. You never split a pudding. You never wrote Elbereth's name. You never violated your personal moral code. Dungeon overview: The Dungeons of Doom: levels 1 to 3 Level 1 some fountains a long staircase Level 2 a fountain Level 3 some fountains stairs to The Gnomish Mines The Gnomish Mines: levels 4 to 5 Level 4 stairs to The Dungeons of Doom Level 5 <- You were here History has recorded: On T:1 you entered the Dungeons of Doom to retrieve the Amulet of Yendor! On T:185 you reached level 2 of The Dungeons of Doom. On T:663 you reached level 3 of The Dungeons of Doom. On T:673 you advanced to experience level 2. On T:895 you advanced to experience level 3. On T:930 you reached level 1 of The Gnomish Mines. On T:1537 you advanced to experience level 4. On T:1690 you advanced to experience level 5. On T:1986 you reached level 2 of The Gnomish Mines. Score breakdown: Gold: 438 ( 43 points) Experience: 5 levels ( 400 points) Exploration: 5 levels ( 120 points) Discoveries: 15 items ( 750 points) Variety of kills: 18 monsters ( 900 points) Major goal: (nothing yet) ( 0 points) Survival: died (score multiplied by 3) Total score: 6639 Latest messages: The werejackal just misses! You kill the jackal! The jackal misses. The werejackal misses. You hack the gnome lord. The jackal bites! The werejackal bites! You feel feverish. The gnome lord misses. The werejackal changes into a human. You hack the gnome lord! The jackal misses. The werejackal punches you! You kill the gnome lord! The jackal bites! You hear crashing rock. The werejackal punches you! You hack the gnome. The jackal misses. The werejackal punches you! The gnome punches you! You die... Final status: Farvel Semilg the Valkyrie, killed by a gnome... You died in The Gnomish Mines on dungeon level 5 with 6639 points, and 438 pieces of gold, after 2115 moves. You were level 5 with a maximum of 54 hit points when you died.